 Dungeon Crawl Stone Soup version 0.27-a0-1116-g91b3acb402 (webtiles) character file.

Game seed: 4849903896502039936

87 ytrimaz the Sneak (level 4, -2/29 HPs)
             Began as an Octopode Brigand on May 2, 2021.
             Slain by an orc
             ... wielding a +0 club
              (5 damage)
             ... on level 3 of the Dungeon.
             The game lasted 00:02:29 (2138 turns).

ytrimaz the Sneak (Octopode Brigand)                Turns: 2138, Time: 00:02:30

Health: -2/29      AC:  1    Str: 10    XL:     4   Next: 51%
Magic:  4/4        EV: 12    Int: 13    God:
Gold:   84         SH:  0    Dex: 14    Spells: 3/3 levels left

rFire    . . .     SeeInvis .   a - +2 dagger
rCold    . . .     Faith    .   (no shield)
rNeg     . . .     Spirit   .   (helmet restricted)
rPois    .         Reflect  .   (no amulet)
rElec    .         Harm     .   (no ring)
rCorr    .         Rampage  .   (no ring)
Will     .....                  (no ring)
Stlth    +++++.....             (no ring)
HPRegen  0.09/turn              (no ring)
MPRegen  0.09/turn              (no ring)
                                (no ring)
                                (no ring)

@: no status effects
A: almost no armour, amphibious, 8 rings, camouflage 1, gelatinous body 1,
(nimble swimmer 1), tentacles
a: no special abilities


You were on level 3 of the Dungeon.
You visited 1 branch of the dungeon, and saw 3 of its levels.

You collected 84 gold pieces.

Inventory:

Hand Weapons
 a - a +2 dagger (weapon)
Missiles
 b - 8 poisoned darts (quivered)
 c - 2 curare-tipped darts
Jewellery
 m - an amulet of guardian spirit
Wands
 l - a wand of acid (6)
Scrolls
 d - a scroll of teleportation
 i - a scroll of vulnerability {unknown}
 k - a scroll of holy word {unknown}
Potions
 e - a potion of berserk rage {unknown}
 f - a potion of magic {unknown}
 g - 2 potions of mutation {unknown}
 h - 2 potions of curing {unknown}


   Skills:
 - Level 2.0 Fighting
 + Level 2.2 Short Blades
 - Level 2.0 Throwing
 - Level 1.0 Dodging
 * Level 7.9 Stealth


You had 3 spell levels left.
You didn't know any spells.
Your spell library was empty.

Dungeon Overview and Level Annotations

Branches:
Dungeon (3/15)

Altars:


Innate Abilities, Weirdness & Mutations

You cannot wear most types of armour.
You are amphibious.
You can wear up to eight rings at the same time.
Your skin changes colour to match your surroundings (Stealth+).
Your rubbery body absorbs attacks. (AC +1, EV +1)
((You are camouflaged near water. (Stealth+)))
You have tentacles for arms and can constrict up to eight enemies at once.


Message History

The bat barely misses you.
You barely miss the bat. Your grab misses the bat. The bat barely misses you.
An orc comes into view. It is wielding a +0 trident.
The bat hits you.
An orc comes into view.
It is wielding a +0 hand axe and quivering silver boomerangs.
The bat closely misses you.
Your hearing returns.
The bat completely misses you. The bat hits you.
Found a stone staircase leading up.
You completely miss the bat. You grab the bat. You squeeze the bat.
You kill the bat!
You see here a bat corpse.
An orc priest comes into view. It is wielding a +0 trident.
The helpless orc fails to defend itself.
You impale the orc!!
You kill the orc! 2 orcs come into view.
The orc shouts!
Things that are here:
a +0 trident; a +0 chain mail; an orc corpse The orc hits you with a +0 club.
The orc shouts!
You barely miss the orc.
The orc shouts!
The orc priest shouts!
You grab the orc. You constrict the orc. The orc priest misses you.
The orc hits you with a +0 club.
You barely miss the orc.
The orc is lightly wounded.
You constrict the orc. The orc priest barely misses you.
The orc hits you with a +0 club. The orc barely misses you.
You closely miss the orc. You grab the orc. You constrict the orc. x2
The orc priest misses you. The orc hits you with a +0 short sword.
The orc completely misses you. The orc misses you.
You hit the orc.
The orc is moderately wounded.
You constrict the orc. x2
The orc priest hits you from afar with a +0 trident!
* * * LOW HITPOINT WARNING * * *
The orc hits you with a +0 club.
You die...

##.#.#.#..
#........
#.#.#...## #
#.#......##.#
#.#.........
#.# ...o.#
####.###oo<#
##......)@o#
#....†######
#..#### #..#
#..# #..#
#..# #..#####
#......#


You could see an orc priest and 3 orcs.

Vanquished Creatures
  Crazy Yiuf (D:2)
  An adder (D:2)
  A white imp (D:3)
  2 dart slugs (D:1)
  An orc (D:3)
  2 ball pythons
  5 endoplasms
  A giant cockroach (D:1)
  5 goblins
  3 hobgoblins (D:2)
  3 jackals (D:1)
  A quokka (D:1)
  4 bats
  A frilled lizard (D:2)
  2 kobolds (D:1)
  4 rats
37 creatures vanquished.

Vanquished Creatures (others)
  2 fungi (D:2)
2 creatures vanquished.

Grand Total: 39 creatures vanquished

Notes
Turn   | Place    | Note
-------+----------+-------------------------------------------
     0 | D:1      | ytrimaz the Octopode Brigand began the quest for the Orb.
     0 | D:1      | Reached XP level 1. HP: 14/14 MP: 1/1
   206 | D:1      | Reached XP level 2. HP: 11/19 MP: 2/2
   207 | D:1      | Reached skill level 6 in Stealth
   876 | D:1      | Reached XP level 3. HP: 24/24 MP: 3/3
  1509 | D:2      | Reached skill level 7 in Stealth
  1772 | D:2      | Found a faded altar of an unknown god.
  2008 | D:2      | Found a runed translucent door.
  2009 | D:2      | Noticed Crazy Yiuf
  2016 | D:2      | Killed Crazy Yiuf
  2017 | D:2      | Reached XP level 4. HP: 29/29 MP: 4/4
  2138 | D:3      | Slain by an orc

Illustrated notes

Levels and vault maps discovered:
D:1:      minmay_arrival_floating_metal, layout_basic
D:2:      layout_loops_ring, ebering_ecumenical_altar_ruins,
          uniq_crazy_yiuf_cottage
D:3:      layout_loops_ring, lemuel_doored_altar,
          nicolae_sif_muna_little_library

Skill      XL: |  1  2  3 |
---------------+----------+-----
Stealth        | 6 7 |  7.9
Fighting       | |  2.0
Short Blades   | |  2.2
Throwing       | |  2.0
Dodging        | |  1.0

Action                   |  1- 3 |  4- 6 || total
-------------------------+-------+-------++-------
Melee: Dagger            |    49 |     8 ||    57
       Constrict         |    11 |     3 ||    14
       Tentacles         |     7 |     1 ||     8
  Use: Scroll            |       |     2 ||     2
 Stab: Sleeping          |    19 |     2 ||    21
Armor: Skin              |     6 |     2 ||     8
Dodge: Dodged            |    14 |    14 ||    28

Table legend: (Time is in decaauts)
 A = Elapsed time spent in this place.
 B = Non-inter-level travel time spent in this place.
 C = Inter-level travel time spent in this place.
 D = Time resting spent in this place.
 E = Time spent auto-exploring this place.
 F = Levels seen in this place.
 G = Mean time per level.
                   A        B        C        D        E       F      G
               +--------+--------+--------+--------+--------+-----+--------+
         Total |   2131 |   2024 |    107 |    132 |   1602 |   3 |  710.3 |
       Dungeon |   2131 |   2024 |    107 |    132 |   1602 |   3 |  710.3 |
               +--------+--------+--------+--------+--------+-----+--------+

Top non-repeatable levels by time:
     D:1: 1293 daAuts
     D:2: 794 daAuts
     D:3: 44 daAuts
